 Dungeon Crawl Stone Soup version 0.21-a0-135-g8dc100c (webtiles) character file.

78 Ordine the Magician (level 4, -2/36 HPs)
             Began as a Deep Elf Wizard on July 17, 2017.
             Slain by an orc wizard
             ... wielding a +0 dagger
              (3 damage)
             ... on level 3 of the Dungeon.
             The game lasted 00:06:55 (2541 turns).

Ordine the Magician (Deep Elf Wizard)               Turns: 2541, Time: 00:06:55

Health: -2/36      AC:  1    Str:  9    XL:     4   Next: 15%
Magic:  5/12       EV: 13    Int: 24    God:
Gold:   103        SH:  0    Dex: 13    Spells: 0/12 levels left

rFire    . . .     SeeInvis .   (no weapon)
rCold    . . .     Gourm    .   (no shield)
rNeg     . . .     Faith    .   a - +0 robe
rPois    .         Spirit   .   b - +0 hat
rElec    .         Reflect  .   j - +0 cloak
rCorr    .         Harm     .   (no gloves)
MR       .....     Rnd*Tele +   (no boots)
Stlth    ..........             (no amulet)
HPRegen  0.12/turn              h - ring of teleportation (curse)
MPRegen  0.13/turn              k - -2 ring of protection (curse)

@: mighty, berserking, very quick
A: no striking features
a: no special abilities


You were on level 3 of the Dungeon.
You were hungry.

You visited 1 branch of the dungeon, and saw 3 of its levels.

You collected 103 gold pieces.

Inventory:

Armour
 a - a +0 robe (worn)
 b - a +0 hat (worn)
 j - a +0 cloak (worn)
Jewellery
 h - a cursed ring of teleportation (left hand)
 k - a cursed -2 ring of protection (right hand)
Potions
 e - 2 potions of might
Books
 c - a book of Minor Magic

   Spells                             Type                      Level
   a - Magic Dart                     Conjuration                  1
   b - Blink                          Translocation                2
   c - Call Imp                       Summoning                    2
   d - Slow                           Hexes                        2
   e - Conjure Flame                  Conjuration/Fire             3
   f - Mephitic Cloud                 Conjuration/Poison/Air       3
 l - a book of Cantrips

   Spells                             Type                      Level
   a - Confusing Touch                Hexes                        1
   b - Animate Skeleton               Necromancy                   1
   c - Summon Small Mammal            Summoning                    1
   d - Apportation                    Translocation                1
Comestibles
 d - 2 bread rations
 f - 2 royal jellies
 g - a meat ration


   Skills:
 + Level 3.4 Dodging
 + Level 2.9 Stealth
 + Level 4.8 Spellcasting
 + Level 2.3 Conjurations
 + Level 1.5 Summonings
 + Level 1.9 Translocations


You couldn't memorise any spells.
You knew the following spells:

 Your Spells              Type           Power        Failure   Level  Hunger
a - Magic Dart            Conj           ###.         3%          1    None
b - Blink                 Tloc           N/A          6%          2    None
c - Call Imp              Summ           ##......     7%          2    None
d - Conjure Flame         Conj/Fire      ##......     17%         3    ##.....
e - Mephitic Cloud        Conj/Pois/Air  #.......     19%         3    ##.....
f - Apportation           Tloc           ###...       4%          1    None


Dungeon Overview and Level Annotations

Branches:
Dungeon (3/15)

Altars:
Fedhas
Okawaru
Vehumet


Message History

The orc hits you from afar with a trident.
* * * LOW HITPOINT WARNING * * *
Your iron imp hits the orc.
A gnoll comes into view. It is wielding a spear.
Casting: Call Imp
Confirm with . or Enter, or press ? or * to list all spells.
A shadowy apparition takes form in the air.
The orc hits you from afar with a trident.
* * * LOW HITPOINT WARNING * * *
Unknown command.
It was a potion of might.
You feel very mighty all of a sudden.
Your iron imp hits the orc!
The orc dies!
Your iron imp hits the gnoll but does no damage.
Your shadow imp closely misses something.
It was a potion of berserk rage.
A red film seems to cover your vision as you go berserk!
You feel yourself moving faster!
You feel mighty! Something hits you.
You die...

...........# #.# ......
...........###.# .....
..........#.... .
....####.#......#.... ..
...#...........#.... #..
..#......##.#..##.#
.....###...........##.#...
. <..............####.....
#..##.####@###.............
#........{.................
#.....##55....##.......#...
#....o.g)..............#...
......##......###........>.
..... #...#### ####+####..
..(. #...# ... #...# .
#####


You could see a gnoll, a friendly iron imp and a friendly shadow imp.

Vanquished Creatures
  2 oozes
  3 dart slugs
  A leopard gecko (D:2)
  2 bats
  2 giant cockroaches
  4 goblins
  6 hobgoblins
  2 jackals (D:2)
  6 kobolds
  A quokka (D:2)
  A frilled lizard (D:3)
  5 rats
  A fungus (D:2)
36 creatures vanquished.

Vanquished Creatures (collateral kills)
  Crazy Yiuf (D:2)
  A worm (D:2)
  3 orcs (D:3)
  A giant cockroach (D:1)
6 creatures vanquished.

Grand Total: 42 creatures vanquished

Notes
Turn   | Place    | Note
-------+----------+-------------------------------------------
     0 | D:1      | Ordine the Deep Elf Wizard began the quest for the Orb.
     0 | D:1      | Reached XP level 1. HP: 10/10 MP: 7/7
   366 | D:1      | Reached XP level 2. HP: 15/15 MP: 2/9
   428 | D:1      | Learned a level 2 spell: Blink
   431 | D:1      | Learned a level 2 spell: Call Imp
   991 | D:2      | Reached XP level 3. HP: 8/19 MP: 3/11
  1145 | D:2      | Learned a level 3 spell: Conjure Flame
  1149 | D:2      | Learned a level 3 spell: Mephitic Cloud
  1418 | D:2      | Found a runed door.
  1649 | D:2      | Found a blossoming altar of Fedhas.
  1795 | D:2      | Found a radiant altar of Vehumet.
  2026 | D:2      | Noticed Crazy Yiuf
  2040 | D:2      | Killed Crazy Yiuf
  2293 | D:2      | Reached XP level 4. HP: 18/24 MP: 3/12
  2467 | D:2      | Learned a level 1 spell: Apportation
  2468 | D:3      | Found an iron altar of Okawaru.
  2538 | D:3      | HP: 1/24 [orc/trident (5)]
  2541 | D:3      | Slain by an orc wizard

Vault maps used:
D:1:      wheals_arrival_linesprint
D:2:      fiery_altar_vehumet, fedhas_altar_3, uniq_crazy_yiuf_cottage
D:3:      overflow_temple_1_default, chequers_ecumenical_altar_simple_redux,
          serial_curves, eino_curves_04, eino_curves_03, portal_sewer_entry_c,
          minmay_misc_feat_encased

Skill      XL: |  1  2  3 |
---------------+----------+-----
Conjurations   | 2 |  2.3
Dodging        | 3 |  3.4
Stealth        | |  2.9
Spellcasting   | |  4.8
Summonings     | |  1.5
Translocations | |  1.9

Action                   |  1- 3 |  4- 6 || total
-------------------------+-------+-------++-------
Melee: Unarmed           |    55 |     3 ||    58
 Cast: Magic Dart        |    93 |     8 ||   101
       Call Imp          |     5 |     5 ||    10
  Use: Potion            |       |     2 ||     2
  Eat: Chunk             |     3 |     1 ||     4
Dodge: Dodged            |    12 |     2 ||    14
